 Dungeon Crawl Stone Soup version 0.30-a0-586-g23e55c9e0a (webtiles) character file.

Game seed: 9059929052649427274

53 wormed the Slasher (level 3, -4/30 HPs)
             Began as a Ghoul Gladiator on Jan 4, 2023.
             Slain by an iguana (11 damage)
             ... on level 1 of the Dungeon.
             The game lasted 00:01:49 (1007 turns).

wormed the Slasher (Ghoul Gladiator)                Turns: 1007, Time: 00:01:50

Health: -4/30      AC:  4    Str: 17    XL:     3   Next: 89%
Magic:  2/2        EV: 12    Int:  3    God:
Gold:   86         SH:  0    Dex: 12    Spells: 2/2 levels left

rFire   . . .      SeeInvis .    a - +0 long sword
rCold   + . .      Faith    .    (no shield)
rNeg    + + +      Spirit   .    b - +0 leather armour
rPois   ∞          Reflect  .    c - +0 helmet
rElec   .          Harm     .    (no cloak)
rCorr   .          Rampage  .    (no gloves)
Will    .....                    (no boots)
Stlth   +                        i - amulet of the acrobat
HPRegen 0.00/turn                (no ring)
MPRegen 0.08/turn                (no ring)

@: inhibited regen
A: claws 1, cold resistance 1, negative energy resistance 3, inhibited
regeneration, torment resistance 2, devour on kill
a: no special abilities


You were on level 1 of the Dungeon.
You visited 1 branch of the dungeon, and saw 2 of its levels.

You collected 86 gold pieces.

Inventory:

Hand Weapons
 a - a +0 long sword (weapon)
Missiles
 e - a javelin (quivered)
Armour
 b - a +0 leather armour (worn)
 c - a +0 helmet (worn)
Jewellery
 i - an amulet of the acrobat (around neck)
Scrolls
 f - a scroll of poison
 k - a scroll of identify
 l - a scroll of blinking
Potions
 g - 2 potions of curing
 j - a potion of brilliance


   Skills:
 + Level 2.7 Fighting
 * Level 3.4 Long Blades
 - Level 1.7 Throwing
 + Level 1.1 Armour
 + Level 3.1 Dodging


You had 2 spell levels left.
You didn't know any spells.
Your spell library was empty.

Dungeon Overview and Level Annotations

Branches:
Dungeon (2/15)

Altars:
Okawaru


Innate Abilities, Weirdness & Mutations

You are immune to poison.
You have sharp fingernails.
Your flesh is cold resistant. (rC+)
You are immune to negative energy. (rN+++)
You do not regenerate when monsters are visible.
You are immune to unholy pain and torment.
You thrive by killing the living.


Message History

There is a stone staircase leading down here.
You start resting.
HP restored.
You climb downwards.
The iguana bites you.
There is a stone staircase leading up here.
There are monsters nearby!
You closely miss the iguana. The iguana closely misses you.
You completely miss the iguana. The iguana bites you.
You hit the iguana but do no damage. The iguana misses you.
The iguana bites you!
You climb upwards.
There is a stone staircase leading down here.
Throw: 2 throwing nets
Press: ? - help, Q - select action, (/) - cycle Shift-Dir - straight line, f - iguana
Aim: an iguana (61% to hit)
You throw a throwing net.
The throwing net closely misses the iguana.
The iguana bites you.
* * * LOW HITPOINT WARNING * * *
Throw: throwing net
Press: ? - help, Q - select action, (/) - cycle Shift-Dir - straight line, f/p - iguana
Aim: an iguana (61% to hit)
You throw a throwing net. The throwing net hits the iguana.
The iguana is caught in the net!
The iguana struggles against the net.
You catch the helpless iguana completely off-guard!
You hit the iguana.
The iguana is lightly wounded.
The iguana struggles against the net.
You hit the iguana but do no damage.
The iguana is lightly wounded.
The iguana struggles against the net.
You hit the iguana.
The iguana is heavily wounded.
The iguana struggles against the net. x2
The net rips apart, and the iguana comes free!
You hit the iguana.
The iguana is severely wounded.
The iguana bites you!
You die...

########## #.######.# #...##
.........########.######.###.....
########.....................)...
#..#######.###.##.######.. #..#
#.# #.##......... #..#
#.###.##..#####..
#..#######.##.#.#..# ##.
#.........l..###...# #.
#########.######@###.#.##.# #.
#.........######.####.###.######.
#.########..........)............
#.# #......###.####.###.######.
#.# #.##...###.# #.# #.# #.. ..#
#.######...# #.# #.# ##.# ###
##.# #.### #.# #.####... ### #..#
#.# #.# #........ #.## #.## #)#
##.########.).


You could see an iguana.

Vanquished Creatures
  A gnoll (D:1)
  An adder (D:2)
  3 dart slugs (D:1)
  2 ball pythons (D:1)
  An endoplasm (D:1)
  A giant cockroach (D:1)
  2 hobgoblins (D:1)
  3 jackals (D:1)
  4 bats
  3 frilled lizards (D:1)
  3 goblins (D:1)
  3 kobolds (D:1)
  3 rats (D:1)
30 creatures vanquished.

Notes
Turn   | Place    | Note
-------+----------+-------------------------------------------
     0 | D:1      | wormed the Ghoul Gladiator began the quest for the Orb.
     0 | D:1      | Reached XP level 1. HP: 17/17 MP: 0/0
   220 | D:1      | Reached XP level 2. HP: 24/25 MP: 1/1
   366 | D:1      | Reached XP level 3. HP: 23/30 MP: 2/2
   711 | D:1      | Reached skill level 1 in Armour
   852 | D:2      | Found an iron altar of Okawaru.
  1007 | D:1      | Slain by an iguana

Illustrated notes

Levels and vault maps discovered:
D:1:      minmay_arrival_plants_in_alcoves, layout_loops_ring,
          minmay_heptomino_l4
D:2:      layout_rooms, basic_altar, roderic_lattice_a

Skill      XL: |  1  2  3 |
---------------+----------+-----
Long Blades    | 3 |  3.4
Dodging        | 3 |  3.1
Armour         | 1 |  1.1
Fighting       | |  2.7
Throwing       | |  1.7

Action                   || total
-------------------------++-------
Melee: Long sword        ||   107
Throw: Throwing net      ||     3
  Use: Scroll            ||     8
 Stab: Held in net/web   ||     1
Armor: Leather armour    ||    32
Dodge: Dodged            ||    83

Table legend: (Time is in decaauts)
 A = Elapsed time spent in this place.
 B = Non-inter-level travel time spent in this place.
 C = Inter-level travel time spent in this place.
 D = Time resting spent in this place.
 E = Time spent auto-exploring this place.
 F = Levels seen in this place.
 G = Mean time per level.
                   A        B        C        D        E       F      G
               +--------+--------+--------+--------+--------+-----+--------+
         Total |   1034 |    996 |     38 |     69 |    650 |   2 |  517.0 |
       Dungeon |   1034 |    996 |     38 |     69 |    650 |   2 |  517.0 |
               +--------+--------+--------+--------+--------+-----+--------+

Top non-repeatable levels by time:
     D:1: 950 daAuts
     D:2: 83 daAuts
